 Dungeon Crawl Stone Soup version 0.27.1 (webtiles) character file.

Game seed: 12267081231956256065

345 funkygono the Firebug (level 6, -5/32 HPs)
             Began as a Gargoyle Fire Elementalist on Aug 22, 2021.
             Slain by a centaur (6 damage)
             ... on level 4 of the Dungeon on Aug 23, 2021.
             The game lasted 00:09:27 (4892 turns).

funkygono the Firebug (Gargoyle Fire Elementalist)  Turns: 4892, Time: 00:09:29

Health: -5/32      AC:  7    Str: 12    XL:     6   Next: 58%
Magic:  2/12       EV: 12    Int: 17    God:
Gold:   180        SH:  0    Dex: 10    Spells: 5/13 levels left

rFire    . . .     SeeInvis .   m - +2 flail (holy)
rCold    . . .     Faith    .   (no shield)
rNeg     + . .     Spirit   .   a - +1 robe
rPois    ∞         Reflect  .   (no helmet)
rElec    +         Harm     +   c - scarf {harm}
rCorr    .         Rampage  .   (no gloves)
Will     .....                  (no boots)
Stlth    ++........             (no amulet)
HPRegen  0.10/turn              (no ring)
MPRegen  0.13/turn              (no ring)

@: no status effects
A: sickness immunity, AC +4, negative energy resistance 1, electricity
resistance, torment resistance 1, petrification resistance
a: no special abilities


You were on level 4 of the Dungeon.
You visited 1 branch of the dungeon, and saw 4 of its levels.
You also visited: Sewer.

You collected 180 gold pieces.

Inventory:

Hand Weapons
 l - a +0 mace
 m - a +2 flail of holy wrath (weapon)
Missiles
 f - 138 stones
Armour
 a - a +1 robe (worn)
 c - a scarf of harm (worn)
Wands
 i - a wand of paralysis (6)
Scrolls
 b - a scroll of immolation
 n - a scroll of fear
 o - 3 scrolls of fog
 p - a scroll of summoning
 q - a scroll of blinking {unknown}
Potions
 d - 9 potions of flight
 e - a potion of curing
 g - 3 potions of heal wounds
 h - a potion of brilliance
 j - a potion of haste {unknown}
 k - a potion of mutation {unknown}


   Skills:
 + Level 0.1 Fighting
 + Level 0.6 Maces & Flails
 + Level 1.9 Dodging
 - Level 2.1 Stealth
 * Level 4.1 Spellcasting
 * Level 3.6 Conjurations
 * Level 4.5 Fire Magic


You had 5 spell levels left.
You knew the following spells:

 Your Spells              Type           Power      Damage    Failure   Level
a - Foxfire               Conj/Fire      68%        2x1d7     3%          1
b - Conjure Flame         Conj/Fire      17%        6-21      9%          3
c - Sticky Flame          Conj/Fire      17%        2d4       28%         4

Your spell library contained the following spells:

 Spells                   Type           Power      Damage    Failure   Level
 Static Discharge         Conj/Air       9%         N/A       11%         2
 Inner Flame              Hex/Fire       11%        N/A       19%         3
 Dazzling Flash           Conj/Hex       18%        N/A       22%         3
 Iskenderun's Mystic Bla  Conj/Tloc      9%         2d4       58%         4
 Fireball                 Conj/Fire      8%         3d6       63%         5
 Dispel Undead            Necr           3%         3d7       83%         4
 Starburst                Conj/Fire      8%         6d4       99%         6


Dungeon Overview and Level Annotations

Branches:
Dungeon (4/15)             Temple (0/1) D:4           Sewer (visited)

Altars:
Makhleb

Shops:
D:1 *


Innate Abilities, Weirdness & Mutations

You are immune to sickness and miasma.
Your stone body is resilient. (AC +4)
You are immune to poison.
You resist negative energy. (rN+)
You are resistant to electric shocks. (rElec)
You are resistant to unholy torment.
You are immune to petrification.


Message History

The centaur shoots an arrow.
The arrow hits you!
The centaur shoots an arrow.
The arrow closely misses you.
Casting: Foxfire (safe; 3% risk of failure)
Confirm with . or Enter, or press ? or * to list all spells.
You conjure some foxfire!
The foxfire hits the centaur.
The centaur is heavily wounded.
Casting: Foxfire (safe; 3% risk of failure)
Confirm with . or Enter, or press ? or * to list all spells.
You conjure some foxfire!
The foxfire hits the centaur.
The centaur is severely wounded.
The foxfire hits the centaur but does no damage.
The centaur is severely wounded.
The foxfire hits the centaur but does no damage.
The centaur is severely wounded.
The centaur shoots an arrow.
The arrow completely misses you.
A kobold comes into view. It is wielding a +0 club.
Casting: Foxfire (safe; 3% risk of failure)
Confirm with . or Enter, or press ? or * to list all spells.
You conjure some foxfire!
The foxfire hits the centaur.
The centaur is severely wounded.
The foxfire hits the centaur but does no damage.
The centaur is severely wounded.
The centaur shoots an arrow.
The arrow hits you but does no damage.
The centaur shoots an arrow.
The arrow hits you.
Casting: Foxfire (safe; 3% risk of failure)
Confirm with . or Enter, or press ? or * to list all spells.
You conjure some foxfire!
The foxfire hits the centaur.
The centaur is almost dead.
The foxfire hits the centaur but does no damage.
The centaur shoots an arrow.
The arrow hits you!
* * * LOW HITPOINT WARNING * * *
The centaur wields a +0 shortbow.
The centaur shoots an arrow.
The arrow closely misses you. The arrow misses your foxfire.
An endoplasm comes into view.
The foxfire hits the orc.
The orc is heavily wounded.
The foxfire hits the centaur but does no damage.
The centaur is almost dead.
The centaur unwields a +0 shortbow.
The centaur hits you.
You die...

. #.....##
.#+#......##.....###
..........##.......# .
..........##......####..#.
..........#...............
..........#.............#
..........'<......J. ...##
....>.#.).#.#.#.#c###....##.
..#####...#.....@ocK...#....
..# #.......#.#...........
..# #.......#.#.$.<.......
..# #.......#.#.......>#..
..# #.......#.#......#....
.<#####.....................
.............####....#.#.# .
##...........# #........#
#......................##


You could see 2 centaurs, an orc, an endoplasm and a kobold.

Vanquished Creatures
  A bullfrog (D:4)
  A hound (D:3)
  Terence (D:2)
  An iguana (D:4)
  7 gnolls
  4 adders
  An adder skeleton (D:4)
  5 worms (Sewer)
  4 dart slugs
  11 ball pythons
  13 bats
  5 endoplasms
  3 giant cockroaches
  4 goblins
  3 hobgoblins
  4 jackals (Sewer)
  4 quokkas
  3 frilled lizards
  3 kobolds
  3 rats
81 creatures vanquished.

Vanquished Creatures (others)
  271 foxfires
271 creatures vanquished.

Grand Total: 352 creatures vanquished

Notes
Turn   | Place    | Note
-------+----------+-------------------------------------------
     0 | D:1      | funkygono the Gargoyle Fire Elementalist began the quest
                  | for the Orb.
     0 | D:1      | Reached XP level 1. HP: 10/10 MP: 3/3
   164 | D:1      | Reached XP level 2. HP: 15/15 MP: 0/5
   259 | D:1      | Found Ytavveq's General Store.
  1170 | D:2      | Noticed Terence
  1321 | D:2      | Killed Terence
  1322 | D:2      | Reached XP level 3. HP: 9/19 MP: 0/6
  1926 | D:2      | Reached XP level 4. HP: 24/24 MP: 2/7
  2070 | D:2      | Learned a level 4 spell: Sticky Flame
  2310 | D:2      | Learned a level 3 spell: Conjure Flame
  2374 | D:3      | Reached XP level 5. HP: 27/28 MP: 6/9
  2985 | D:3      | Found a burning altar of Makhleb.
  3518 | D:4      | Reached XP level 6. HP: 28/32 MP: 6/11
  3825 | D:4      | Found a staircase to the Ecumenical Temple.
  3872 | D:4      | Found a glowing drain.
  3877 | Sewer    | Entered a sewer
  4891 | D:4      | HP: 1/32 [centaur/arrow (14)]
  4892 | D:4      | Slain by a centaur

Illustrated notes

Levels and vault maps discovered:
D:1:      elethiomel_arrival_infinity_welcomes_careful_drivers,
          layout_loops_ring, serial_shops, shop, minmay_misc_feat_iff
D:2:      layout_basic, grunt_ministairs_3, dk_vineyard_3, uniq_terence
D:3:      layout_basic, lightli_temple_of_fire
D:4:      layout_basic, minmay_temple_entry_offerings, portal_sewer_entry_e,
          minmay_manual_mares

Skill      XL: |  1  2  3  4  5  6 |
---------------+-------------------+-----
Fire Magic     | 4 |  4.5
Conjurations   | 2 3 |  3.6
Spellcasting   | 3 4 |  4.1
Fighting       | |  0.1
Maces & Flails | |  0.6
Dodging        | |  1.9
Stealth        | |  2.1

Action                   |  1- 3 |  4- 6 || total
-------------------------+-------+-------++-------
Melee: Club              |     8 |       ||     8
       Flail             |       |    14 ||    14
       Mace              |       |     2 ||     2
 Cast: Foxfire           |    52 |   112 ||   164
       Sticky Flame      |       |     1 ||     1
  Use: Scroll            |       |    11 ||    11
Armor: Robe              |     7 |    24 ||    31
Dodge: Dodged            |    24 |    49 ||    73
